 Dungeon Crawl Stone Soup version 0.26.1-10-gdfb7c7de75 (webtiles) character file.

Game seed: 1535617170538364273

382 olmar the Cudgeller (level 6, -1/39 HPs)
             Began as a Gargoyle Fighter on Apr 6, 2021.
             Was a Follower of Wu Jian.
             Slain by Menkaure (16 damage)
             ... on level 4 of the Dungeon on Apr 8, 2021.
             The game lasted 00:03:48 (2320 turns).

olmar the Cudgeller (Gargoyle Fighter)              Turns: 2320, Time: 00:03:49

Health: -1/39      AC: 12    Str: 17    XL:     6   Next: 76%
Magic:  6/6        EV:  7    Int:  9    God:    Wu Jian [*.....]
Gold:   169        SH:  9    Dex: 15    Spells: 5/5 levels left

rFire    . . .     SeeInvis .   n - +3 flail (vorpal)
rCold    . . .     Faith    .   c - +0 kite shield
rNeg     + . .     Spirit   .   b - +0 scale mail
rPois    ∞         Reflect  .   q - +0 helmet (curse)
rElec    +         Harm     .   (no cloak)
rCorr    .         Rampage  .   (no gloves)
Will     .....                  (no boots)
Stlth    ..........             (no amulet)
HPRegen  0.13/turn              j - +6 ring of dexterity
MPRegen  0.10/turn              k - -4 ring of strength (curse)

@: no status effects
A: negative energy resistance 1, electricity resistance, unbreathing,
petrification resistance, miasma immunity, AC +4
a: Renounce Religion


You were on level 4 of the Dungeon.
You worshipped Wu Jian.
Wu Jian was aware of your devotion.
You visited 1 branch of the dungeon, and saw 4 of its levels.

You collected 169 gold pieces.

Inventory:

Hand Weapons
 a - a +0 flail
 n - a +3 vorpal flail (weapon)
Armour
 b - a +0 scale mail (worn)
 c - a +0 kite shield (worn)
 l - a +0 pair of boots
 p - a +2 helmet
 q - a cursed +0 helmet (worn)
Jewellery
 j - a +6 ring of dexterity (left hand)
 k - a cursed -4 ring of strength (right hand)
Scrolls
 e - a scroll of amnesia {unknown}
 g - a scroll of identify
 h - 2 scrolls of fear
 r - a scroll of enchant weapon {unknown}
Potions
 f - a potion of flight {unknown}
 m - 2 potions of degeneration {unknown}
 o - a potion of haste {unknown}


   Skills:
 + Level 4.4 Fighting
 + Level 5.0 Maces & Flails
 + Level 4.5 Armour
 + Level 4.4 Shields


You had 5 spell levels left.
You didn't know any spells.
Your spell library was empty.

Dungeon Overview and Level Annotations

Branches:
Dungeon (4/15)
 Temple: D:4-7

Altars:
Ashenzari
Elyvilon
Wu Jian
Yredelemnul
The Shining One

Annotations:
D:2 1 runed translucent door, Crazy Yiuf
D:4 1 runed translucent door, Menkaure; tardwrangler69's ghost, amateur MiFi


Innate Abilities, Weirdness & Mutations

You are resistant to torment.
Your stone body is resilient. (AC +4)
You are immune to poison.
You resist negative energy. (rN+)
You are resistant to electric shocks. (rElec)
You can survive without breathing.
You are immune to petrification.
You are immune to miasma.


Message History

You block the leopard gecko's attack.
Unknown command.
You sock the leopard gecko!
You kill the leopard gecko!
The Council accepts your kill. Menkaure hits you!
Unknown command.
You hit Menkaure.
Menkaure is lightly damaged.
Menkaure hits you!
Unknown command.
You thump Menkaure!
Menkaure is heavily damaged.
Menkaure hits you. Menkaure hits you!
* * * LOW HITPOINT WARNING * * *
Unknown command.
You feel better. Menkaure hits you but does no damage.
Unknown command.
You feel better. Menkaure hits you!
You die...

####....#.#.#..##....###.
# #....#.#.##.##....# #
#....#.#.##..#....# # ...
....###.#....# # # #.###
#.# #.## # #. #.## .# #
#..# #####.# #....@#
#....M...# #....#...#
#.... ..... #.... #..###
#..). .[# #.... ... #..).
<..#


You could see Menkaure (fast).

Vanquished Creatures
  Grinder (D:4)
  A centaur zombie (D:4)
  An orc wizard (D:4)
  Robin (D:3)
  3 gnolls (D:2)
  A worm (D:2)
  2 dart slugs
  6 leopard geckos
  5 orcs
  3 giant cockroaches (D:2)
  13 goblins
  6 hobgoblins
  3 jackals (D:2)
  3 kobolds
  A quokka (D:3)
  5 bats
  2 frilled lizards
  6 rats
63 creatures vanquished.

Notes
Turn   | Place    | Note
-------+----------+-------------------------------------------
     0 | D:1      | olmar the Gargoyle Fighter began the quest for the Orb.
     0 | D:1      | Reached XP level 1. HP: 14/14 MP: 1/1
    70 | D:1      | Reached XP level 2. HP: 19/19 MP: 2/2
   687 | D:2      | Reached XP level 3. HP: 23/23 MP: 3/3
   815 | D:2      | Found a white marble altar of Elyvilon.
  1005 | D:2      | Found an ornate altar of the Wu Jian Council.
  1019 | D:2      | Became a worshipper of the Wu Jian Council
  1047 | D:2      | Found a basalt altar of Yredelemnul.
  1251 | D:2      | Reached XP level 4. HP: 19/29 MP: 4/4
  1253 | D:2      | Reached skill level 3 in Maces & Flails
  1375 | D:2      | Found a runed translucent door.
  1376 | D:2      | Noticed Crazy Yiuf
  1411 | D:2      | Found a broken altar of Ashenzari.
  1441 | D:3      | Found a glowing golden altar of the Shining One.
  1526 | D:3      | Noticed Robin
  1532 | D:3      | Killed Robin
  2027 | D:4      | Reached * piety under Wu Jian
  2029 | D:4      | Found a runed translucent door.
  2031 | D:4      | Noticed tardwrangler69's ghost (amateur MiFi)
  2064 | D:4      | Reached XP level 5. HP: 32/33 MP: 5/5
  2093 | D:4      | Noticed Grinder
  2109 | D:4      | Reached skill level 4 in Maces & Flails
  2111 | D:4      | Paralysed by Grinder for 5 turns
  2122 | D:4      | Paralysed by Grinder for 7 turns
  2130 | D:4      | Killed Grinder
  2131 | D:4      | Reached skill level 5 in Maces & Flails
  2131 | D:4      | Reached XP level 6. HP: 18/39 MP: 6/6
  2310 | D:4      | Noticed Menkaure
  2320 | D:4      | Slain by Menkaure

Illustrated notes

Levels and vault maps discovered:
D:1:      dpeg_arrival_long_road, layout_loops_ring, minmay_ruptured
D:2:      layout_basic, yredelemnul_altar_generic, overflow_temple_1_default,
          overflow_temple_1_default, lemuel_round_altar,
          kennysheep_generic_room_15, uniq_crazy_yiuf_cottage
D:3:      layout_loops_ring, lemuel_crystal_altar, uniq_robin
D:4:      layout_basic, ebering_ghost_reflecting_pool, uniq_sigmund,
          uniq_menkaure, uniq_grinder

Skill      XL: |  1  2  3  4  5 |
---------------+----------------+-----
Maces & Flails | 3 5 |  5.0
Armour         | 4 |  4.5
Fighting       | 4 |  4.4
Shields        | 4 |  4.4

Action                   |  1- 3 |  4- 6 || total
-------------------------+-------+-------++-------
Melee: Flail             |    79 |    89 ||   168
Invok: Lunge             |       |     7 ||     7
  Use: Scroll            |       |     1 ||     1
       Potion            |       |     4 ||     4
Armor: Scale mail        |    35 |    34 ||    69
Dodge: Dodged            |    23 |    20 ||    43
Block: Kite shield       |    46 |    36 ||    82
